 Dungeon Crawl Stone Soup version 0.23-b1-84-g6588a6b (webtiles) character file.

Game seed: 10603222433428087366

733 Folque the Digger (level 7, -1/55 HPs)
             Began as a Grey Draconian Earth Elementalist on Feb 7, 2019.
             Killed by nerve-wracking pain
             ... invoked by an orc priest
              (5 damage)
             ... on level 4 of the Dungeon.
             The game lasted 00:14:10 (3932 turns).

Folque the Digger (DrEE)                            Turns: 3932, Time: 00:14:11

Health: -1/55      AC: 12    Str: 10    XL:     7   Next: 45%
Magic:  1/15       EV: 12    Int: 18    God:
Gold:   172        SH:  0    Dex: 11    Spells: 2/17 levels left

rFire    . . .     SeeInvis .   g - +0 dagger
rCold    . . .     Gourm    .   (no shield)
rNeg     . . .     Faith    .   (armour unavailable)
rPois    .         Spirit   .   (helmet restricted)
rElec    .         Reflect  .   (no cloak)
rCorr    .         Harm     .   (no gloves)
MR       .....                  k - +0 pair of boots
Stlth    ++........             (no amulet)
HPRegen  0.18/turn              (no ring)
MPRegen  0.14/turn              (no ring)

@: very slightly contaminated
A: walk through water, unfitting armour, unbreathing, cold-blooded, AC +11
a: no special abilities


You were on level 4 of the Dungeon.
You were very hungry.

You visited 1 branch of the dungeon, and saw 4 of its levels.

You collected 172 gold pieces.

Inventory:

Hand Weapons
 a - a +0 whip
 g - a +0 dagger (weapon)
 m - a +0 quarterstaff
Missiles
 b - 19 stones (quivered)
 r - a throwing net
Armour
 k - a +0 pair of boots (worn)
Wands
 f - a wand of flame (16)
 o - a wand of digging (4)
Scrolls
 e - a scroll of noise {unknown}
 j - a scroll of remove curse
 l - 2 scrolls of identify
 n - a scroll of teleportation {unknown}
 q - a scroll of amnesia {unknown}
 s - a scroll of fear {unknown}
Potions
 d - a potion of cancellation {unknown}
 h - a potion of ambrosia {unknown}
 p - a potion of brilliance {unknown}
 t - a potion of lignification {unknown}
Comestibles
 c - 3 rations
 u - 3 chunks of flesh


   Skills:
 - Level 2.0 Fighting
 + Level 2.0 Dodging
 - Level 1.7 Stealth
 - Level 5.6 Spellcasting
 - Level 1.0 Conjurations
 * Level 1.8 Transmutations
 * Level 6.9 Earth Magic


You had 2 spell levels left.
You knew the following spells:

 Your Spells              Type           Power        Failure   Level  Hunger
a - Sandblast             Erth           ####..       1%          1    None
b - Passwall              Tmut/Erth      ###.....     3%          2    None
c - Stone Arrow           Conj/Erth      ###...       8%          3    ##.....
d - Lee's Rapid Deconstr  Erth           ####......   21%         5    #####..
e - Petrify               Tmut/Erth      ###.....     21%         4    ####...

Your spell library contained the following spells:

 Spells                   Type           Power        Failure   Level  Hunger


Dungeon Overview and Level Annotations

Branches:
Dungeon (4/15)
 Temple: D:4-7

Altars:
Trog
Zin


Innate Abilities, Weirdness & Mutations

You can walk through water.
Your dull iron-grey scales are very hard. (AC +11)
You cannot fit into any form of body armour.
You can survive without breathing.
You are cold-blooded and may be slowed by cold attacks.


Message History

The orc wizard casts a spell at you.
The magic dart hits you but does no damage.
You barely miss the orc priest. You tail-slap the orc priest.
The orc priest is lightly wounded.
The orc wizard hits you but does no damage.
The orc priest invokes the aid of Beogh against you.
Beogh smites you!
* * * LOW HITPOINT WARNING * * *
The orc wizard barely misses you.
You feel better.
The orc wizard hits you with a +0 dagger.
* * * LOW HITPOINT WARNING * * *
The orc priest begins to cast a cantrip, but forgets the words!
You hit the orc wizard but do no damage.
Your tail-slap misses the orc wizard.
The orc wizard is almost dead.
The orc wizard looks encouraged for a moment.
The orc priest invokes the aid of Beogh against you.
Pain shoots through your body!
You die...

.................##....####.o....
.......<......#.#....### ##..).oo
....#...........#.##.#####..####.
#####..#.##...............o......
#####..............#...#########.
#...........##.##......# #.
#..........#...#####.o.# ..
#.........##....####...# #.#
..........##....@##....# ## #.
.....>....######oo.....# ##8###.
..........# #####...# #...#
..........##########...###...#
..................##...∩.....#
..........#######......###...#
.......#### ####...# #...#
.......# #...# ##8## ......##
#...# ##


You could see an orc priest and an orc wizard.

Vanquished Creatures
  Eustachio (D:4)
  A phantom (D:4)
  An ogre (D:3)
  Blork the orc (D:4)
  A hound (D:3)
  An orc wizard (D:4)
  2 orc priests (D:4)
  A worker ant (D:4)
  2 hound skeletons (D:4)
  10 adders
  An ooze (D:1)
  An adder zombie (D:4)
  2 dart slugs (D:1)
  7 leopard geckos
  5 orcs
  3 ball pythons (D:2)
  A giant cockroach (D:1)
  7 goblins
  4 hobgoblins
  8 jackals
  A quokka (D:2)
  11 bats
  5 frilled lizards
  2 jackal skeletons (D:4)
  10 kobolds
  9 rats
98 creatures vanquished.

Notes
Turn   | Place    | Note
-------+----------+-------------------------------------------
     0 | D:1      | Folque the Draconian Earth Elementalist began the quest for
                  | the Orb.
     0 | D:1      | Reached XP level 1. HP: 14/14 MP: 3/3
   278 | D:1      | Reached skill level 1 in Fighting
   474 | D:1      | Reached XP level 2. HP: 23/23 MP: 3/5
   595 | D:1      | Learned a level 2 spell: Passwall
  1107 | D:1      | Reached XP level 3. HP: 29/29 MP: 4/6
  1143 | D:1      | Learned a level 3 spell: Stone Arrow
  2069 | D:2      | Reached XP level 4. HP: 27/36 MP: 8/8
  2178 | D:2      | Reached skill level 1 in Conjurations
  2188 | D:2      | Found a glowing silver altar of Zin.
  2862 | D:3      | Found a bloodstained altar of Trog.
  3002 | D:3      | Reached skill level 4 in Earth Magic
  3002 | D:3      | Reached XP level 5. HP: 24/41 MP: 0/10
  3009 | D:3      | Learned a level 5 spell: Lee's Rapid Deconstruction
  3306 | D:4      | Noticed Eustachio
  3322 | D:4      | Killed Eustachio
  3322 | D:4      | Reached XP level 6. HP: 47/48 MP: 0/12
  3452 | D:4      | Reached skill level 5 in Earth Magic
  3502 | D:4      | Noticed Blork the orc
  3519 | D:3      | Reached skill level 5 in Spellcasting
  3556 | D:4      | Your scales start taking on a dull iron-grey colour.
  3556 | D:4      | Reached skill level 6 in Earth Magic
  3556 | D:4      | Reached XP level 7. HP: 54/55 MP: 2/14
  3556 | D:4      | Gained mutation: You can survive without breathing. [Grey
                  | Draconian growth]
  3768 | D:3      | Learned a level 4 spell: Petrify
  3784 | D:4      | Killed Blork the orc
  3930 | D:4      | HP: 1/55 [orc priest/divine providence (12)]
  3932 | D:4      | Killed from afar by an orc priest

Skill      XL: |  1  2  3  4  5  6  7 |
---------------+----------------------+-----
Fighting       | 1 2 |  2.0
Spellcasting   | 3 4 5 |  5.6
Conjurations   | 1 |  1.0
Earth Magic    | 4 6 |  6.9
Dodging        | 2 |  2.0
Stealth        | |  1.7
Transmutations | |  1.8

Action                   |  1- 3 |  4- 6 |  7- 9 || total
-------------------------+-------+-------+-------++-------
Melee: Whip              |   138 |       |       ||   138
       Unarmed           |     6 |       |       ||     6
       Tailslap          |    16 |    11 |     5 ||    32
       Quarterstaff      |    18 |   113 |    13 ||   144
       Dagger            |       |       |    13 ||    13
 Cast: Sandblast         |    11 |    20 |     7 ||    38
       Passwall          |     2 |       |       ||     2
       Stone Arrow       |     6 |    21 |     1 ||    28
       Petrify           |       |       |     2 ||     2
       Lee's Rapid Decon |       |       |     1 ||     1
  Use: Scroll            |     4 |     1 |       ||     5
       Potion            |       |       |     2 ||     2
 Stab: Sleeping          |     4 |     6 |       ||    10
       Petrified         |       |       |    11 ||    11
  Eat: Chunk             |     5 |     7 |     1 ||    13
Armor: Skin              |    61 |    67 |    11 ||   139
Dodge: Dodged            |   132 |   140 |    12 ||   284
